Map: Temple gelé

Players

KAYWON - Winner!

  • Race: Terran Terran
  • League: Bronze

pupu

  • Race: Protoss Protoss
  • League: Silver

VOD

Have the link to the VOD?

Description

Time

  • Played on: April 6, 2016, 11:11 a.m.
  • Length: 6:19
Show
View Real Time Build Order
Export as new Build Order

KAYWON Terran - Winner!

Build Orders: Liberator Opening 

Get SALT Encoding   

  12  0:01  SCV  
  13  0:13  SCV  
  14  0:18  Supply Depot  
  14  0:25  SCV  
  15  0:41  SCV  
  15  0:42  Barracks  
  16  0:49  Refinery  
  16  0:53  SCV  
  16  0:57  Refinery  
  17  1:05  SCV  
  18  1:13  Supply Depot  
  18  1:17  SCV  
  19  1:29  SCV  
  20  1:39  Barracks Reactor  
  20  1:41  SCV  
  21  1:54  Factory  
  21  1:57  Orbital Command  
  20  2:10  Supply Depot  
  20  2:14  Marine  
  20  2:15  Marine  
  22  2:25  Barracks  
  22  2:40  Starport  
  22  2:47  SCV  
  23  3:00  SCV, Factory Reactor  
  23  3:01  Liberator  
  24  3:09  Marine x2  
  26  3:15  Barracks Tech Lab  
  29  3:23  SCV  
  30  3:30  Marine x2  
  30  3:32  Barracks  
  32  3:39  Supply Depot  
  32  3:44  Stimpack  
  32  3:52  Widow Mine x2  
  36  4:00  Marine  
  39  4:03  Marauder  
  39  4:07  SCV  
  40  4:12  Medivac  
  42  4:19  Engineering Bay  
  42  4:24  Barracks Tech Lab  
  42  4:27  Marine  
  42  4:29  Marauder  
  45  4:52  Marine  
  45  4:53  Marine  
  45  4:58  Marauder x2  
  45  4:59  Supply Depot  
  51  5:12  Starport Reactor  
  51  5:15  Widow Mine x2  
  55  5:21  Marine  
  55  5:22  Marauder, Marine  
  55  5:24  Marine  
  57  5:59  Marine x2  
Show
View Real Time Build Order
Export as new Build Order

pupu Protoss 

Build Orders: 1 Gate Expand 

Get SALT Encoding   

  12  0:00  Probe (Chrono Boost)  
  13  0:11  Probe (Chrono Boost)  
  14  0:19  Pylon  
  14  0:22  Probe (Chrono Boost)  
  15  0:37  Probe (Chrono Boost)  
  15  0:39  Gateway  
  16  0:48  Probe (Chrono Boost)  
  17  0:58  Probe (Chrono Boost)  
  17  0:59  Assimilator  
  18  1:20  Nexus  
  18  1:22  Probe (Chrono Boost)  
  19  1:37  Cybernetics Core  
  19  1:39  Probe (Chrono Boost)  
  20  1:46  Assimilator  
  20  1:49  Probe (Chrono Boost)  
  21  1:59  Pylon  
  21  2:00  Probe (Chrono Boost)  
  22  2:18  Stalker, Mothership Core (Chrono Boost)  
  26  2:24  Warp Gate (Chrono Boost)  
  26  2:38  Probe  
  26  2:43  Probe  
  27  2:44  Pylon  
  27  2:46  Forge  
  27  2:50  Probe  
  29  2:54  Probe  
  30  3:00  Pylon  
  30  3:02  Probe  
  30  3:04  Zealot  
  33  3:15  Probe  
  33  3:16  Twilight Council  
  33  3:17  Protoss Ground Weapons Level 1 (Chrono Boost)  
  34  3:21  Probe  
  35  3:35  Probe, Photon Cannon  
  35  3:36  Probe  
  37  3:47  Probe  
  38  3:48  Probe  
  39  3:59  Probe  
  39  4:02  Gateway  
  40  4:03  Gateway  
  40  4:06  Charge (Chrono Boost)  
  40  4:20  Gateway  
  40  4:21  Probe  
  40  4:22  Probe, Pylon  
  42  4:26  Zealot  
  44  4:34  Probe  
  44  4:38  Robotics Facility  
  45  4:40  Probe  
  45  4:44  Pylon  
  46  4:46  Probe  
  46  4:51  Zealot  
  46  4:52  Probe  
  42  5:20  Stalker x3  
  44  5:32  Assimilator  
  44  5:34  Assimilator  
  44  5:36  Pylon  
  44  5:40  Pylon  
  40  5:43  Probe x2  
  44  5:55  Probe  
  45  5:58  Zealot x2  
  45  6:14  Zealot  
Tags
 
Add a new tag
Caveats
  • Supply blocks, unpowered buildings, or Contaminate may cause inaccurate times.
  • Supply counts are checked every 10 seconds.